Zazza, neutral female human Tourist ------- |.....- |.....| # |.....+########)#### -|---|-#####)#)###### # ### ###--------------- # #..............|# # ###|......<.......### ---.------------ #####..............|# # -..>............##&f# ---------------# ###----- |..............|#f) ### #-...| |...............# # |...| |..............| ###|...| | ---------------- #....| |.......... ###*### ##|...| ---------- #....| ----- Zazza the Sightseer Experience level: 4 Strength: 15 Dexterity: 7 Constitution: 18 Intelligence: 14 Wisdom: 8 Charisma: 18 Health: 0(43) Energy: 12(12) Def: 4 Gold: 2201 Moves: 6215 Dungeon seed: SvlGO-r9VN4YAJL2 Game ID: Zazza_1598386825 Your Inventory: Coins $ - 2201 gold pieces Weapons a - 26 +2 darts i - a +0 scimitar p - a +0 voulge C - 2 +0 elven daggers (wielded) Armor e - an uncursed +0 Hawaiian shirt (being worn) n - a blessed +0 dwarvish cloak (being worn) q - an uncursed +1 orcish helm r - an uncursed +0 orcish helm y - a cursed -1 leather armor (being worn) z - an uncursed +0 mummy wrapping I - an uncursed +0 orcish helm (being worn) N - an uncursed +0 pair of jumping boots (being worn) R - a cursed +0 pair of elven boots Comestibles c - 5 uncursed food rations S - 5 cursed eggs T - 3 cursed food rations U - a cursed pear V - a cursed slime mold W - 2 cursed tripe rations Scrolls o - an uncursed scroll of light v - a cursed scroll of identify w - a blessed scroll of magic mapping B - an uncursed scroll of earth D - a blessed scroll of earth H - a cursed scroll of amnesia J - a cursed scroll of stinking cloud Spellbooks X - a cursed spellbook of jumping Potions x - a cursed potion of extra healing K - an uncursed potion of hallucination L - an uncursed potion of monster detection M - a cursed potion of blindness Q - a blessed potion of speed Rings d - an uncursed ring of invisibility (on left hand) u - a blessed +1 ring of protection (on right hand) E - an uncursed ring of searching O - a cursed -1 ring of adornment Wands A - a wand of undead turning (0:6) F - a cursed wand of secret door detection (0:12) G - a cursed wand of create monster (0:10) P - a cursed wand of light (0:14) Tools b - a cursed tin whistle k - an expensive camera (1:75) m - an uncursed lock pick Z - a cursed tallow candle (0:200) Gems f - a cursed worthless piece of blue glass g - a cursed worthless piece of green glass s - 2 uncursed worthless pieces of blue glass Y - 3 uncursed worthless pieces of violet glass Spells and supernatural/magical abilities: Name Level Category Fail Memory W - pray for help -- divine ? -- Y - supernatural jump -- ability ? -- Your skills at the end: Fighting Skills Weapon Skills dagger [Basic] dart [Basic] Spellcasting Skills Final Attributes: You were devoutly aligned. You were telepathic. You were invisible. You could jump. You were protected. You are dead. Vanquished creatures: a giant beetle a dust vortex a water nymph a rock mole a pony a kobold mummy a straw golem 2 giant ants a little dog a floating eye 3 hill orcs a rothe a werejackal 4 iguanas 2 killer bees a coyote a gas spore a hobbit 8 manes 3 large kobolds a hobgoblin 3 giant rats 4 cave spiders 2 gnomes a garter snake a gnome zombie 4 geckos 17 jackals 3 kobolds 3 goblins 5 sewer rats 4 grid bugs 11 lichens a kobold zombie 7 newts 103 creatures vanquished. Voluntary challenges: You used a wielded weapon 48 times, starting on turn 1367. You read items or engraved 24 times, starting on turn 329. You never genocided any monsters. You never polymorphed an object. You never changed form. You used no wishes. You never split a pudding. You wrote Elbereth's name 14 times, starting on turn 2120. You never violated your personal moral code. Dungeon overview: The Dungeons of Doom: levels 1 to 10 Level 1 a fountain a long staircase Level 2 a general store a long staircase Level 3 a delicatessen Level 4 a bookstore, a sink Level 5 a fountain Level 6 an altar to Blind Io Level 7 Level 8 many fountains Level 9 a temple to Blind Io, some fountains a long staircase Level 10 <- You were here History has recorded: On T:1 you entered the Dungeons of Doom to retrieve the Amulet of Yendor! On T:187 you reached level 3 of The Dungeons of Doom. On T:672 you reached level 2 of The Dungeons of Doom. On T:1435 you advanced to experience level 2. On T:2177 you reached level 4 of The Dungeons of Doom. On T:2555 you reached level 5 of The Dungeons of Doom. On T:3007 you reached level 6 of The Dungeons of Doom. On T:4536 you advanced to experience level 3. On T:4861 you reached level 7 of The Dungeons of Doom. On T:5224 you reached level 8 of The Dungeons of Doom. On T:5740 you reached level 9 of The Dungeons of Doom. On T:6028 you advanced to experience level 4. On T:6059 you reached level 10 of The Dungeons of Doom. Score breakdown: Gold: 1895 (11150 points) Experience: 4 levels ( 9649 points) Exploration: 10 levels ( 21.28%) (13269 points) Discoveries: 13 items ( 4.36%) ( 6265 points) Valuables value: (no points given unless you survive) Artifact value: 0 ( 0 points) Variety of kills: 35 monsters ( 9.19%) ( 9092 points) Turncount: 6215 turns (-1675 points) Survival: died (score multiplied by 80%) Total score: 38200 Latest messages: M - a potion of blindness. O - a copper ring. P - an oak wand. Q - a pink potion. $ - 1517 gold pieces. There are many more objects here. R - a pair of buckled boots. S - 3 eggs. S - 2 eggs. You have a little trouble lifting T - 3 food rations. You have a little trouble lifting U - a pear. You have a little trouble lifting V - a slime mold. You have a little trouble lifting W - 2 tripe rations. You have a little trouble lifting X - a gray spellbook. You have a little trouble lifting Z - a candle. You have a little trouble lifting b - a whistle. You have a little trouble lifting f - a blue gem. You have a little trouble lifting g - a green gem. Your movements are slowed slightly because of your load. The marilith thrusts her orcish dagger. The marilith hits! The marilith thrusts her orcish dagger. The marilith hits! (4x) You die... Final status: Aloha Zazza the Tourist, killed by a marilith... You died in The Dungeons of Doom on dungeon level 10 with 38200 points, and 2201 pieces of gold, after 6215 moves. You were level 4 with a maximum of 43 hit points when you died.